 Dungeon Crawl Stone Soup version 0.15.0-27-gbdb0435 (webtiles) character file.

44 RobertPalmer the Chiller (level 3, -4/21 HPs)
             Began as a High Elf Ice Elementalist on Sept 10, 2014.
             Slain by a gnoll
             ... wielding a +0 spear
              (6 damage)
             ... on Level 2 of the Dungeon.
             The game lasted 00:05:59 (1961 turns).

RobertPalmer the Chiller (HEIE)                     Turns: 1961, Time: 00:05:59

HP  -4/21        AC  2     Str  7      XL: 3   Next: 41%
MP   8/8         EV  7     Int 18      God:
Gold 52          SH  0     Dex 17      Spells:  1 memorised,  5 levels left

rFire  . . .     SeeInvis .     r - +1 short sword (venom)
rCold  . . .     Clarity  .     a - +0 robe
rNeg   . . .     rCorr    .     (no shield)
rPois  .         rRot     .     (no helmet)
rElec  .         Spirit   .     (no cloak)
SustAb .         Warding  .     (no gloves)
rMut   .         Stasis   .     (no boots)
Gourm  .                        (no amulet)
MR     .....                    (no ring)
                                (no ring)

@: about to teleport, held, not resistant to hostile enchantments, unstealthy
A: no striking features
a: no special abilities


You were on level 2 of the Dungeon.
You were not hungry.

You visited 1 branch of the dungeon, and saw 2 of its levels.

You collected 52 gold pieces.


   Skills:
 + Level 1.3 Short Blades
 - Level 2.1 Dodging
 - Level 2.1 Stealth
 - Level 2.4 Spellcasting
   Level 1.1 Conjurations
 - Level 4.2 Ice Magic


You had 5 spell levels left.
You knew the following spells:

 Your Spells              Type           Power        Failure   Level  Hunger
z - Freeze                Ice            ###.         3%          1    #......

Inventory:

Hand weapons
 r - a +1 short sword of venom (weapon)
Missiles
 l - 36 stones (quivered)
Armour
 a - a +0 robe (worn)
Comestibles
 c - a bread ration
 i - a royal jelly
 n - 2 rotting chunks of jackal flesh {@*1}
 o - a meat ration
 q - 2 chunks of jackal flesh {@*1}
Scrolls
 d - 2 scrolls of enchant armour {unknown}
 f - a scroll of teleportation
 h - a scroll of identify {unknown}
 p - 2 scrolls of remove curse {unknown}
Jewellery
 j - an uncursed ring of protection from magic {unknown}
Potions
 e - a potion of curing {unknown}
 k - a potion of might {unknown}
 m - a potion of degeneration {unknown}
Books
 b - a book of Frost

Dungeon Overview and Level Annotations

Branches:
Dungeon (2/15)

Altars:

Annotations:
D:2 Jessica

. #........#
.... ###.######
..... #.# ......
#.#
%..r...####.###
...g.#......#
.gg#.##<#<#
#.##g#.##...#
#...g@....#.#
####.#.##.#.#
...#.......
..........#..#
..#.##.#....#..#
#. ............
### . ...#...##
.#. ..####
#.#...# # .....#
. . .


You could see 4 gnolls, a goblin and a rat (wandering).


Message History

You finish butchering the jackal corpse.
q - 2 chunks of jackal flesh {@*1} You see here a rat corpse.
d - 2 scrolls labeled ADOOTU MENEDU (gained 1)
Found an escape hatch in the ceiling.
Found a stone staircase leading up.
There is an escape hatch in the ceiling here.
A goblin comes into view.
It is wielding a dagger. 4 gnolls come into view.
The gnoll shouts! x2
The goblin shouts!
The gnoll throws a throwing net.
The throwing net hits you.
You become entangled in the net!
Found a bread ration.
You see here a throwing net.
Unknown command.
Read which item? (? for menu, Esc to quit)
As you read the scroll of teleportation, it crumbles to dust.
You feel strangely unstable. The gnoll closely misses you.
A rat comes into view.
You try to slip out of the net.
The gnoll barely misses you.
The gnoll hits you from afar with a halberd.
The gnoll hits you with a flail!
* * * LOW HITPOINT WARNING * * *
The goblin hits you with a dagger.
* * * LOW HITPOINT WARNING * * *
Some of the chunks of flesh in your inventory have rotted away.
You try to slip out of the net.
The gnoll hits you from afar with a spear.
You die...

Action                   || total
-------------------------++-------
Melee: Unarmed           ||    12
       Short sword       ||    50
Throw: Stone             ||    10
 Cast: Freeze            ||    22
  Use: Scroll            ||     2
 Stab: Distracted        ||     2
  Eat: Chunk             ||     3

Vault maps used:
D:1:      dpeg_arrival_chambers_temple_mockup
D:2:      okawaru_altar_gauntlet_db, lemuel_doored_altar,
          grunt_temple_overflow_open, first_bread, uniq_jessica

Notes
Turn   | Place    | Note
--------------------------------------------------------------
     0 | D:1      | RobertPalmer, the High Elf Ice Elementalist, began the quest for the Orb.
     0 | D:1      | Reached XP level 1. HP: 11/11 MP: 4/4
   274 | D:1      | Upgraded the game from 0.15.0-25-gd84c1e8 to 0.15.0-27-gbdb0435
   432 | D:1      | Reached XP level 2. HP: 15/17 MP: 3/6
   870 | D:1      | Reached skill level 4 in Ice Magic
  1291 | D:1      | Reached XP level 3. HP: 17/21 MP: 5/8
  1844 | D:2      | Noticed Jessica
  1858 | D:2      | Reached skill level 1 in Short Blades
  1960 | D:2      | HP: 2/21 [goblin/dagger (3)]
  1961 | D:2      | Slain by a gnoll

Vanquished Creatures
  4 bats (D:1)
  7 goblins
  3 hobgoblins
  11 jackals
  3 giant newts (D:1)
  5 kobolds (D:1)
  5 rats
38 creatures vanquished.
